Map: Givre EC

Players

Worming

  • Race: Zerg Zerg
  • League: Diamond

Andrew - Winner!

  • Race: Protoss Protoss
  • League: Diamond

VOD

Have the link to the VOD?

Description

Time

  • Played on: Oct. 2, 2016, 5:06 a.m.
  • Length: 5:34
Show
View Real Time Build Order
Export as new Build Order

Worming Zerg 

Build Orders: Hatch First 

Get SALT Encoding   

  12  0:01  Drone  
  13  0:13  Overlord  
  13  0:17  Drone  
  14  0:31  Drone x2  
  16  0:51  Hatchery  
  16  0:52  Drone  
  16  0:55  Drone  
  17  1:12  Spawning Pool  
  17  1:13  Drone  
  17  1:19  Drone  
  17  1:20  Drone  
  19  1:32  Overlord  
  19  1:36  Extractor  
  18  1:48  Drone  
  19  1:59  Queen, Drone  
  22  2:04  Drone  
  23  2:13  Drone, Hatchery  
  23  2:14  Drone  
  24  2:23  Drone x2  
  26  2:30  Queen  
  26  2:36  Drone x2  
  31  2:44  Drone  
  31  2:45  Overlord  
  31  2:55  Drone x2  
  33  3:10  Drone x6  
  39  3:16  Metabolic Boost  
  39  3:29  Overlord  
  39  3:32  Drone x4  
  43  3:40  Drone x4  
  47  3:56  Extractor  
  47  3:57  Extractor  
  47  3:59  Drone x2  
  47  4:00  Roach Warren  
  47  4:01  Evolution Chamber  
  45  4:03  Drone x2  
  45  4:05  Drone x3  
  45  4:07  Drone  
  51  4:11  Queen  
  51  4:13  Overlord x3  
  53  4:33  Drone x8  
  53  4:37  Lair  
  61  4:45  Overlord  
  61  4:51  Roach x3  
  61  4:52  Zergling x6  
  68  4:56  Roach  
  68  4:58  Spine Crawler  
  69  5:00  Spine Crawler  
  69  5:02  Roach, Spine Crawler  
  69  5:03  Zergling x2  
  70  5:12  Roach x3  
  71  5:23  Hatchery  
Show
View Real Time Build Order
Export as new Build Order

Andrew Protoss - Winner!

Build Orders:  

Get SALT Encoding   

  12  0:01  Probe (Chrono Boost)  
  13  0:11  Probe (Chrono Boost)  
  14  0:18  Pylon  
  14  0:26  Probe (Chrono Boost)  
  15  0:39  Probe (Chrono Boost)  
  15  0:40  Gateway  
  16  0:49  Probe (Chrono Boost)  
  17  1:00  Probe (Chrono Boost)  
  17  1:02  Assimilator  
  18  1:08  Assimilator  
  18  1:10  Probe (Chrono Boost)  
  19  1:21  Probe (Chrono Boost)  
  20  1:31  Probe (Chrono Boost)  
  21  1:35  Cybernetics Core  
  21  1:50  Nexus  
  21  1:57  Pylon  
  21  2:00  Probe (Chrono Boost)  
  22  2:03  Warp Gate  
  22  2:10  Probe (Chrono Boost)  
  23  2:21  Robotics Facility  
  23  2:24  Probe (Chrono Boost)  
  24  2:34  Probe (Chrono Boost)  
  24  2:35  Stalker  
  27  2:45  Probe (Chrono Boost)  
  28  2:53  Gateway  
  28  2:58  Gateway  
  28  3:01  Probe (Chrono Boost)  
  28  3:05  Probe (Chrono Boost)  
  30  3:10  Warp Prism  
  33  3:20  Probe (Chrono Boost)  
  33  3:22  Probe (Chrono Boost)  
  34  3:31  Gateway  
  34  3:32  Probe (Chrono Boost)  
  35  3:37  Gateway  
  35  3:44  Gateway  
  35  3:52  Observer  
  36  3:58  Gateway  
  36  3:59  Pylon  
  36  4:01  Pylon  
  38  4:04  Probe x2 (Chrono Boost)  
  38  4:16  Probe (Chrono Boost)  
  39  4:25  Stalker x2  
  39  4:28  Stalker  
  45  4:37  Pylon  
  45  4:48  Zealot x4  
  45  4:49  Zealot  
  55  4:56  Zealot  
  57  5:05  Pylon  
  57  5:09  Zealot x6  
  67  5:30  Stalker x5  
Tags
 
Add a new tag
Caveats
  • Supply blocks, unpowered buildings, or Contaminate may cause inaccurate times.
  • Supply counts are checked every 10 seconds.